 Dungeon Crawl Stone Soup version 0.29.1-4-g47bece8355 (webtiles) character file.

Game seed: 11103385808692692770

8265 LustLizard the Skirmisher (level 11, -5/50 HPs)
             Began as a Spriggan Hunter on Dec 2, 2022.
             Was a Believer of Dithmenos.
             Slain by a boulder beetle (55 damage)
             ... on level 9 of the Dungeon.
             The game lasted 00:42:52 (12770 turns).

LustLizard the Skirmisher (Spriggan Hunter)        Turns: 12770, Time: 00:42:52

Health: -5/50      AC:  4    Str:  7    XL:     11   Next: 7%
Magic:  17/17      EV: 23    Int: 12    God:    Dithmenos [**....]
Gold:   459        SH:  0    Dex: 22    Spells: 14/17 levels left

rFire   + . .      SeeInvis +   w - +4 sling
rCold   + . .      Faith    .   (no shield)
rNeg    . . .      Spirit   .   t - +2 robe {rF+}
rPois   +          Reflect  .   (helmet restricted)
rElec   .          Harm     .   (no cloak)
rCorr   .          Rampage  .   (gloves unavailable)
Will    +....                   (boots unavailable)
Stlth   ++++......              x - amulet of the acrobat
HPRegen 0.16/turn               s - ring of protection from cold
MPRegen 0.15/turn               K - ring of poison resistance

@: wreathed by umbra, very quick
A: very small, no large weapons, unfitting armour, see invisible, speed 3
a: Renounce Religion, Shadow Step


You were on level 9 of the Dungeon.
You worshipped Dithmenos.
Dithmenos was pleased with you.
You visited 2 branches of the dungeon, and saw 10 of its levels.
You also visited: Ossuary.

You collected 459 gold pieces.

Inventory:

Hand Weapons
 w - a +4 sling (weapon)
 F - a +1 vorpal shortbow
 L - a +0 shortbow of flaming
Armour
 t - a +2 robe of fire resistance (worn)
 v - a +0 buckler
Jewellery
 o - a ring of ice
 s - a ring of protection from cold (left hand)
 x - an amulet of the acrobat (around neck)
 y - a ring of flight
 K - a ring of poison resistance (right hand)
Wands
 u - a wand of digging (2)
 G - a wand of acid (13)
 M - a wand of charming (12)
 N - a wand of mindburst (5)
 O - a wand of polymorph (4)
Scrolls
 a - 2 scrolls of summoning {unknown}
 b - 3 scrolls of immolation
 c - 2 scrolls of vulnerability
 d - 4 scrolls of enchant armour
 f - a scroll of butterflies {unknown}
 h - 4 scrolls of enchant weapon
 i - 2 scrolls of brand weapon {unknown}
 j - 6 scrolls of magic mapping
 m - a scroll of blinking {unknown}
 p - 3 scrolls of noise
 A - 5 scrolls of teleportation
 E - a scroll of poison
 H - a scroll of amnesia {unknown}
 J - a scroll of torment {unknown}
 P - a scroll of fear {unknown}
Potions
 e - 5 potions of lignification
 g - 4 potions of mutation
 k - 3 potions of heal wounds {unknown}
 l - 5 potions of haste
 n - 4 potions of curing
 q - 3 potions of might {unknown}
 r - a potion of magic {unknown}
 z - 2 potions of ambrosia
 B - 3 potions of brilliance
 C - 3 potions of berserk rage
 D - a potion of degeneration {unknown}
 I - 2 potions of attraction


   Skills:
 + Level 2.2 Fighting
 * Level 12.3 Ranged Weapons
 + Level 7.4 Dodging
 - Level 6.0 Stealth
 - Level 3.9 Spellcasting
 - Level 3.2 Conjurations
 - Level 3.9 Air Magic
 - Level 4.3 Poison Magic
 - Level 8.0 Evocations


You had 14 spell levels left.
You knew the following spells:

 Your Spells              Type           Power      Damage    Failure   Level
a - Mephitic Cloud        Conj/Pois/Air  11%        N/A       14%         3

Your spell library contained the following spells:

 Spells                   Type           Power      Damage    Failure   Level
 Magic Dart               Conj           40%        1d5       6%          1
 Searing Ray              Conj           20%        2d5       9%          2
 Sandblast                Erth           4%         2d4       22%         1
 Call Imp                 Summ           2%         N/A       34%         2
 Passwall                 Tmut/Erth      1%         N/A       34%         2
 Stone Arrow              Conj/Erth      12%        3d7       34%         3
 Fulminant Prism          Conj/Hex       3%         3d6       75%         4
 Malign Gateway           Summ/Tloc      1%         N/A       100%        7
 Summon Horrible Things   Summ           1%         N/A       100%        8


Dungeon Overview and Level Annotations

Branches:
Dungeon (9/15)             Temple (1/1) D:4            Lair (0/5) D:8
    Orc (0/2) D:9         Ossuary (visited)

Altars:
Ashenzari
Dithmenos
Elyvilon
Fedhas
Gozag
Hepliaklqana
Kikubaaqudgha
Makhleb
Nemelex Xobeh
Okawaru
Qazlal
Ru
Sif Muna
Trog
Uskayaw
Vehumet
Wu Jian
Xom
Yredelemnul
Zin

Annotations:
D:3 2 transporters, mester's ghost, amateur BaSu
D:7 Joseph; Maggie


Innate Abilities, Weirdness & Mutations

You are very small and have problems with some larger weapons.
You are too small for most types of armour.
You have supernaturally acute eyesight. (SInv)
You cover ground extremely quickly. (Speed+++)


Message History

You now have 451 gold pieces (gained 21).
You see here 6 stones.
You now have 459 gold pieces (gained 8).
Found a club.
Found a human corpse.
A boulder beetle comes into view.
The air fills with toxic fumes!
As you read the scroll of poison, it crumbles to dust.
You shoot a sling bullet.
The sling bullet hits the boulder beetle but does no damage.
The boulder beetle is engulfed in poison gas.
The boulder beetle is poisoned.
The boulder beetle curls into a ball and begins rolling!
You shoot a sling bullet.
The sling bullet hits the boulder beetle but does no damage.
The boulder beetle is lightly wounded.
The boulder beetle is engulfed in poison gas.
The boulder beetle looks even sicker.
You shoot a sling bullet.
The sling bullet hits the boulder beetle but does no damage.
The boulder beetle is lightly wounded.
The boulder beetle is engulfed in poison gas.
The boulder beetle looks even sicker.
The boulder beetle is engulfed in poison gas.
The boulder beetle looks as sick as possible!
You shoot a sling bullet.
The sling bullet hits the boulder beetle but does no damage.
The boulder beetle is moderately wounded.
The boulder beetle is engulfed in poison gas.
The boulder beetle looks as sick as possible!
You shoot a sling bullet.
The sling bullet hits the boulder beetle but does no damage.
The boulder beetle is heavily wounded.
The boulder beetle is engulfed in poison gas.
The boulder beetle looks as sick as possible!
The boulder beetle is engulfed in poison gas.
The boulder beetle looks as sick as possible!
The boulder beetle hits you!!!
Ouch! That really hurt!
You die...

.... ....########
#.#.§§# #...##
#.#§§§# #...#
#.#§§§# +...#
##..). #.#§§§#
#.<.# ......
#.#§§§# +..##
##....# #.#§§§#
##........ ..#§B§#
.........# #.#§@§#
.#.......# #.#§§§#
##.......####.#§§§#
.#............§§§§#
.....<....#..§§§§§+
.(...####.#.#######
..........#.#
..........#.#
##+##.....#.#


You could see a boulder beetle (rolling, extremely poisoned).

Vanquished Creatures
  Pikel (D:5)
  Prince Ribbit (D:5)
  22 yaks
  3 wyverns (D:7)
  2 basilisks
  Duvessa (D:4)
  4 water moccasins
  A black bear (D:8)
  An orc warrior (D:7)
  A sky beast (D:7)
  2 centaurs
  3 lemures (D:5)
  A kobold brigand (D:9)
  2 phantoms
  An elf zombie (Ossuary)
  7 bullfrogs
  A gnoll sergeant (D:9)
  4 scorpions
  8 wights
  Dowan (D:4)
  5 killer bees (D:7)
  2 howler monkeys
  5 centaur zombies (Ossuary)
  3 jellies
  An orc priest (D:5)
  3 hounds
  7 iguanas
  Terence (D:2)
  3 orc wizards
  2 mummies (Ossuary)
  Robin (D:3)
  5 gnolls (D:9)
  10 adders
  A shadow imp (D:5)
  4 white imps
  An adder zombie (Ossuary)
  3 worms
  A dart slug (D:4)
  18 orcs
  6 endoplasms
  2 giant cockroaches
  14 goblins
  9 hobgoblins
  3 jackals (D:3)
  2 quokkas
  9 ball pythons
  A bat (D:1)
  5 frilled lizards
  13 hobgoblin zombies (Ossuary)
  2 jackal zombies (Ossuary)
  8 kobolds
  8 kobold zombies (Ossuary)
  7 orc zombies (Ossuary)
  8 rats
240 creatures vanquished.

Vanquished Creatures (others)
  6 demonic plants (D:5)
  4 fungi (D:8)
  13 plants
23 creatures vanquished.

Grand Total: 263 creatures vanquished

Notes
Turn   | Place    | Note
-------+----------+-------------------------------------------
     0 | D:1      | LustLizard the Spriggan Hunter began the quest for the Orb.
     0 | D:1      | Reached XP level 1. HP: 10/10 MP: 2/2
   316 | D:1      | Reached XP level 2. HP: 14/14 MP: 3/3
   412 | D:1      | Found a faded altar of an unknown god.
   989 | D:2      | Noticed Terence
  1054 | D:2      | Killed Terence
  1055 | D:2      | Reached skill level 5 in Ranged Weapons
  1055 | D:2      | Reached XP level 3. HP: 18/18 MP: 4/4
  1117 | D:2      | Reached XP level 4. HP: 22/22 MP: 5/5
  1252 | D:2      | Learned a level 3 spell: Mephitic Cloud
  1291 | D:2      | Identified the +0 pair of boots "Biasur" {rF+ Dex+3 Stlth+}
  2146 | D:3      | Noticed Robin
  2229 | D:3      | Reached skill level 1 in Spellcasting
  2229 | D:3      | Reached skill level 1 in Poison Magic
  2331 | D:3      | Killed Robin
  2332 | D:3      | Reached XP level 5. HP: 22/25 MP: 7/7
  2438 | D:3      | Found a transporter.
  2523 | D:3      | Reached skill level 1 in Air Magic
  2685 | D:3      | Found a transporter.
  2687 | D:3      | Noticed mester's ghost (amateur BaSu)
  2977 | D:4      | Reached skill level 1 in Conjurations
  2997 | D:4      | Noticed Duvessa
  2999 | D:4      | Noticed Dowan
  3170 | D:4      | Noticed a centaur
  3180 | D:4      | Killed a centaur
  3181 | D:4      | Reached XP level 6. HP: 4/30 MP: 10/10
  3237 | D:4      | Found a sand-covered staircase.
  3420 | Ossuary  | Entered an ossuary
  3825 | Ossuary  | Reached XP level 7. HP: 26/33 MP: 12/12
  4071 | D:4      | Found a staircase to the Ecumenical Temple.
  4080 | Temple   | Entered the Ecumenical Temple
  4443 | D:4      | Killed Duvessa
  4478 | D:4      | Killed Dowan
  4523 | D:4      | Identified the +3 leather armour of Nemelex Xobeh's Envy
                  | {Dex+3}
  4795 | D:5      | Entered Level 5 of the Dungeon
  5238 | D:5      | Noticed Pikel
  5304 | D:5      | Killed Pikel
  5305 | D:5      | Reached skill level 6 in Ranged Weapons
  5305 | D:5      | Reached XP level 8. HP: 37/37 MP: 14/14
  5771 | D:5      | Noticed Prince Ribbit
  5835 | D:5      | Killed Prince Ribbit
  5836 | D:5      | Reached skill level 7 in Ranged Weapons
  5836 | D:5      | Reached skill level 5 in Stealth
  6669 | D:6      | Found a sacrificial altar of Ru.
  6884 | D:6      | Found a stormy altar of Qazlal.
  6901 | D:6      | Reached skill level 1 in Evocations
  6901 | D:6      | Reached XP level 9. HP: 41/41 MP: 15/15
  7076 | D:6      | Reached skill level 8 in Ranged Weapons
  7262 | D:7      | Found a hazy altar of Hepliaklqana.
  7383 | D:7      | Found a shadowy altar of Dithmenos.
  7385 | D:7      | Found an opulent altar of Gozag.
  7386 | D:7      | Found a broken altar of Ashenzari.
  7391 | D:7      | Became a worshipper of Dithmenos the Shadowed
  8015 | D:7      | Reached skill level 5 in Evocations
  8156 | D:7      | Reached skill level 9 in Ranged Weapons
  8436 | D:7      | Noticed Joseph
  8478 | D:7      | Noticed Maggie
  8552 | D:7      | Identified the +1 flail "Sylloch" {elec, rN+}
 10154 | D:7      | Reached XP level 10. HP: 20/46 MP: 16/16
 10177 | D:7      | Reached skill level 10 in Ranged Weapons
 11047 | D:8      | Found a staircase to the Lair.
 11074 | D:8      | Reached * piety under Dithmenos
 11232 | D:8      | Reached skill level 5 in Dodging
 11239 | D:8      | Reached skill level 11 in Ranged Weapons
 11783 | D:8      | Found a blossoming altar of Fedhas.
 11907 | D:8      | Reached skill level 12 in Ranged Weapons
 12047 | D:8      | Found a burning altar of Makhleb.
 12170 | D:8      | Found an ancient bone altar of Kikubaaqudgha.
 12372 | D:9      | Reached ** piety under Dithmenos
 12373 | D:9      | Reached XP level 11. HP: 35/50 MP: 17/17
 12557 | D:9      | Found a staircase to the Orcish Mines.
 12764 | D:9      | Noticed a boulder beetle
 12770 | D:9      | Slain by a boulder beetle

Illustrated notes

Levels and vault maps discovered:
D:1:      dpeg_arrival_shelter, layout_rooms, shapermc_ecumenical_altar_ellora,
          roderic_serpentine_path, minmay_box_of_dots
D:2:      layout_basic, serial_forest, infiniplex_forest_clump_medium,
          infiniplex_forest_split, infiniplex_forest_lined_2,
          infiniplex_forest_end_1, infiniplex_forest_end_double,
          infiniplex_forest_fountain, uniq_terence
D:3:      layout_basic, gammafunk_ghost_stat_death, minmay_cupped, uniq_robin
D:4:      layout_rooms, minmay_temple_entry_statues_pillars,
          chequers_ossuary_entry_cave, minmay_quantized, uniq_duvessa
D:5:      layout_basic, serial_demonic, serial_demonic_d, serial_demonic_a,
          serial_demonic_f, serial_demonic_g, uniq_prince_ribbit1, uniq_pikel
D:6:      layout_cave_pools, grunt_qazlal_sundering, overflow_temple_1_default
D:7:      layout_loops_cross, grunt_temple_overflow_open, abandoned_shop,
          uniq_maggie, uniq_joseph
D:8:      layout_rooms, overflow_temple_1_default,
          nicolae_overflow_crystal_walls, fedhas_bush_and_centaur_altar,
          minmay_lair_entry_grove, supply_closet_lemuel
D:9:      minmay_the_grid_triangle_9x9_recursive_2
          [minmay_the_grid_triangle_9x9_prize_top_heavy,
          minmay_the_grid_triangle_9x9_from_above,
          minmay_the_grid_triangle_9x9_pentomino_pain,
          minmay_the_grid_triangle_9x9_cache], layout_basic,
          nzn_sisyphean_effort
Temple:   bh_familiar_temple

Skill      XL: |  1  2  3  4  5  6  7  8  9 10 |
---------------+-------------------------------+-----
Stealth        | 2 3 6 |  6.0
Ranged Weapons | 5 6 7 9 12 | 12.3
Spellcasting   | 1 2 3 |  3.9
Poison Magic   | 1 2 4 |  4.3
Air Magic      | 1 2 3 |  3.9
Conjurations   | 1 2 3 |  3.2
Evocations     | 1 8 |  8.0
Dodging        | 7 |  7.4
Fighting       | 2 |  2.2

Action                   |  1- 3 |  4- 6 |  7- 9 | 10-12 || total
-------------------------+-------+-------+-------+-------++-------
 Fire: Shortbow          |    83 |   116 |       |       ||   199
       Sling             |       |   148 |   494 |   360 ||  1002
 Cast: Mephitic Cloud    |       |       |     2 |       ||     2
  Use: Scroll            |       |       |    14 |     2 ||    16
       Potion            |       |       |       |     1 ||     1
Armor: Robe              |     1 |    18 |    16 |    15 ||    50
Dodge: Dodged            |    17 |    97 |    98 |   142 ||   354
